 Dungeon Crawl Stone Soup version 0.28.0 (webtiles) character file.

Game seed: 17097963415784067679

656 SnakkuSnakku7 the Agent of Entropy (level 7, -2/48 (52) HPs)
             Began as a Barachi Abyssal Knight on Feb 5, 2022.
             Was a Priest of Lugonu.
             Slain by a necrophage (3 damage)
             ... on level 6 of the Dungeon.
             The game lasted 00:07:13 (5630 turns).

SnakkuSnakku7 the Agent of Entropy (BaAK)           Turns: 5630, Time: 00:07:14

HP:   -2/48 (52)    AC:  7    Str: 15 (16) XL:     7   Next: 55%
MP:   10/10         EV: 11    Int:  8 (10) God:    Lugonu [***...]
Gold: 183           SH:  0    Dex: 10 (13) Spells: 6/6 levels left

rFire   + . .      SeeInvis .   a - +2 trident (venom)
rCold   + . .      Faith    .   (no shield)
rNeg    . . .      Spirit   .   b - +0 leather armour
rPois   +          Reflect  .   s - +0 helmet
rElec   +          Harm     .   (no cloak)
rCorr   +          Rampage  .   (no gloves)
Will    .....                   v - +2 pair of boots
Stlth   +.........              (no amulet)
HPRegen 0.16/turn               (no ring)
MPRegen 0.12/turn               (no ring)

@: resistant, unable to hop, drained, slow
A: amphibious, slowness 1, strong legs 1, +LOS
a: Hop, Renounce Religion, Depart the Abyss, Bend Space, Banish


You were on level 6 of the Dungeon.
You worshipped Lugonu.
Lugonu was most pleased with you.
You visited 1 branch of the dungeon, and saw 6 of its levels.
You visited the Abyss 1 time.

You collected 183 gold pieces.

Inventory:

Hand Weapons
 a - a +2 trident of venom (weapon)
 l - a +1 falchion
Missiles
 w - 4 poisoned darts
Armour
 b - a +0 leather armour (worn)
 s - a +0 helmet (worn)
 v - a +2 pair of boots (worn)
Jewellery
 g - a ring of positive energy
 h - a ring of protection from cold
 i - an amulet of regeneration
Wands
 t - a wand of digging (3)
Scrolls
 f - 5 scrolls of teleportation {unknown}
 k - 7 scrolls of identify {unknown}
 m - 3 scrolls of fear {unknown}
 p - 2 scrolls of magic mapping {unknown}
 u - a scroll of noise {unknown}
Potions
 c - a potion of resistance
 d - 2 potions of degeneration
 e - a potion of flight {unknown}
 j - 2 potions of cancellation
 n - 2 potions of curing {unknown}
 o - a potion of mutation {unknown}
 q - a potion of brilliance {unknown}
 r - a potion of heal wounds {unknown}


   Skills:
 - Level 3.6 Fighting
 - Level 3.8 Long Blades
 + Level 4.8 Polearms
 - Level 2.4 Armour
 - Level 1.1 Dodging
 + Level 5.3 Invocations


You had 6 spell levels left.
You didn't know any spells.
Your spell library contained the following spells:

 Spells                   Type           Power      Damage    Failure   Level
 Pain                     Necr           0%         1d4       47%         1
 Ensorcelled Hibernation  Hex/Ice        0%         N/A       63%         2
 Spider Form              Tmut/Pois      0%         N/A       85%         3
 Anguish                  Hex/Necr       0%         N/A       99%         4
 Agony                    Necr           0%         N/A       100%        5
 Excruciating Wounds      Necr           0%         N/A       100%        5


Dungeon Overview and Level Annotations

Branches:
Dungeon (6/15)
 Temple: D:4-7

Altars:
Kikubaaqudgha
Makhleb
Trog

Annotations:
D:4 1 transporter, pkoi's ghost, amateur MiGl
D:5 Pikel


Innate Abilities, Weirdness & Mutations

You are amphibious.
You cover ground slowly.
You can hop short distances.
You have an extended range of vision and can be seen from far away.


Message History

Okay, then.
Found 2 fizzy silvery potions.
Reach: a) +2 trident (venom)
Press: ? - help, Dir - move target, f - necrophage
Aim: a necrophage (about 38% to evade your +2 trident of venom)
You reach to attack!
You barely miss the necrophage. The necrophage hits you.
* * * LOW HITPOINT WARNING * * *
You feel drained.
Unknown command.
You closely miss the necrophage. Your punch misses the necrophage.
The necrophage hits you but does no damage.
Press: ? - help, v - describe, . - travel
Here: a necrophage The floor.
You puncture the necrophage!
The necrophage is heavily damaged.
The necrophage hits you but does no damage.
You closely miss the necrophage.
The necrophage is heavily damaged.
The necrophage hits you.
* * * LOW HITPOINT WARNING * * *
You feel drained.
* * * LOW HITPOINT WARNING * * *
You barely miss the necrophage.
The necrophage is heavily damaged.
An ice beast comes into view.
The necrophage hits you.
* * * LOW HITPOINT WARNING * * *
It was a potion of cancellation.
You feel magically purged. The necrophage barely misses you.
It was a potion of degeneration.
There was something very wrong with that liquid.
You feel weakened.
You feel dopey.
You feel clumsy. The necrophage barely misses you.
It was a potion of resistance.
You feel protected. The necrophage hits you.
* * * LOW HITPOINT WARNING * * *
You feel drained.
You die...

..#. .. ...
...#... ..... .
#..!#... .... ..
.......# .
...###. .......
.. #..#.. .....
... ##..#.## ...#
....#......##...#
...Y.......#@..#
...........n.###
#.........##
##....<..##
#.......#
#.......#
##..##### ###


You could see a necrophage.

Vanquished Creatures
  A black bear (D:5)
  A sky beast (D:4)
  2 lemures (D:5)
  A bullfrog zombie (D:5)
  2 centaur zombies (D:5)
  An orc priest (D:5)
  3 iguanas
  Natasha (twice) (D:2)
  4 orc wizards (D:5)
  A hound skeleton (D:5)
  2 adders (D:2)
  An adder skeleton (D:4)
  2 worms
  A dart slug (D:2)
  2 orcs (D:5)
  7 bats
  5 endoplasms (D:2)
  A giant cockroach (D:3)
  7 goblins
  6 hobgoblins
  2 jackals (D:3)
  6 kobolds
  4 quokkas
  6 ball pythons
  2 frilled lizards (D:2)
  3 rats
75 creatures vanquished.

Notes
Turn   | Place    | Note
-------+----------+-------------------------------------------
     0 | Abyss:1  | SnakkuSnakku7 the Barachi Abyssal Knight began the quest
                  | for the Orb.
     0 | Abyss:1  | Reached XP level 1. HP: 18/18 MP: 2/2
    17 | D:1      | Escaped the Abyss
   251 | D:1      | Reached XP level 2. HP: 14/24 MP: 3/3
   256 | D:1      | Reached skill level 2 in Invocations
  1118 | D:2      | Reached XP level 3. HP: 29/29 MP: 4/4
  1517 | D:2      | Reached ** piety under Lugonu
  1798 | D:2      | Reached XP level 4. HP: 35/36 MP: 6/6
  1843 | D:2      | Noticed Natasha
  1847 | D:2      | Killed Natasha
  1848 | D:2      | Reached skill level 1 in Polearms
  1848 | D:2      | Reached skill level 3 in Invocations
  2113 | D:2      | Noticed Natasha
  2124 | D:2      | Killed Natasha
  2467 | D:2      | Reached XP level 5. HP: 9/41 MP: 7/7
  2751 | D:3      | Found a faded altar of an unknown god.
  3539 | D:4      | Found a transporter.
  3539 | D:4      | Noticed pkoi's ghost (amateur MiGl)
  3668 | D:4      | Found a bloodstained altar of Trog.
  3671 | D:4      | Found a burning altar of Makhleb.
  4132 | D:5      | Entered Level 5 of the Dungeon
  4156 | D:5      | Noticed a sky beast
  4185 | D:4      | Killed a sky beast
  4186 | D:4      | Reached skill level 4 in Invocations
  4186 | D:4      | Reached XP level 6. HP: 14/47 MP: 7/9
  4964 | D:5      | Reached XP level 7. HP: 44/52 MP: 10/10
  5058 | D:5      | Reached skill level 5 in Invocations
  5200 | D:5      | Reached *** piety under Lugonu
  5362 | D:5      | Found an ancient bone altar of Kikubaaqudgha.
  5593 | D:5      | Noticed Pikel
  5630 | D:6      | HP: 1/50 [necrophage (6)]
  5630 | D:6      | Slain by a necrophage

Illustrated notes

Levels and vault maps discovered:
D:1:      minmay_arrival_four_circles, layout_loops_corners
D:2:      layout_loops_corners, minivault_14, minmay_tromino_i2, uniq_natasha
D:3:      layout_basic, hellmonk_ecumenical_altar_zigzags,
          kennysheep_small_spiral
D:4:      layout_basic, mainiacjoe_overflow_tiny_flanked,
          mainiacjoe_overflow_chevrons, gammafunk_ghost_mausoleum
D:5:      layout_cave_pods, nicolae_overflow_crystal_walls, uniq_pikel
D:6:      layout_cave_pools

Skill      XL: |  1  2  3  4  5  6  7 |
---------------+----------------------+-----
Invocations    | 2 3 4 5 |  5.3
Long Blades    | 3 |  3.8
Polearms       | 2 3 4 |  4.8
Fighting       | |  3.6
Armour         | |  2.4
Dodging        | |  1.1

Action                   |  1- 3 |  4- 6 |  7- 9 || total
-------------------------+-------+-------+-------++-------
Melee: Falchion          |    87 |       |       ||    87
       Punch             |     2 |     2 |       ||     4
       Trident           |    24 |   122 |    69 ||   215
Invok: Bend Space        |       |       |     1 ||     1
 Abil: Hop               |       |     2 |     2 ||     4
  Use: Potion            |       |       |     3 ||     3
Armor: Leather armour    |    30 |    41 |    25 ||    96
Dodge: Dodged            |    57 |    80 |    31 ||   168
